 Seeded DCSS version 0.30.1-4-g462c640d31 (webtiles) character file.

Game seed: 8515177902725472229 (custom seed)

2952 Mune the Protected (level 9, -1/45 HPs)
             Began as a Gargoyle Ice Elementalist on Aug 22, 2023.
             Slain by a wight
             ... wielding a +0 trident
              (6 damage)
             ... on level 7 of the Dungeon.
             The game lasted 00:18:30 (6658 turns).

Mune the Protected (Gargoyle Ice Elementalist)      Turns: 6658, Time: 00:18:31

Health: -1/45      AC: 22    Str: 12    XL:     9   Next: 81%
Magic:  2/12       EV: 11    Int: 20    God:
Gold:   273        SH:  0    Dex: 10    Spells: 0/12 levels left

rFire   . . .        t - staff of death
rCold   + . .        v - orb {*Rage}
rNeg    + + .        a - +0 robe
rPois   ∞            (no helmet)
rElec   +            u - +0 cloak
rCorr   .            c - +0 pair of gloves
SInv    .            d - +0 pair of boots
Will    .....        j - amulet of magic regeneration
Stlth   ++           z - ring of protection from cold
HPRegen 0.27/turn    (no ring)
MPRegen 0.53/turn

%: random rage (20%)
@: mighty, ice-armoured, wereblooded
A: sickness immunity, AC +6, negative energy resistance 1, electricity
resistance, torment resistance 1, petrification resistance
a: no special abilities


You were on level 7 of the Dungeon.
You visited 2 branches of the dungeon, and saw 8 of its levels.

You collected 273 gold pieces.

Inventory:

Missiles
 w - a throwing net
Armour
 a - a +0 robe (worn)
 c - a +0 pair of gloves (worn)
 d - a +0 pair of boots (worn)
 u - a +0 cloak (worn)
 v - an orb of wrath (worn)
Magical Staves
 t - a staff of death (weapon)
Jewellery
 g - an amulet of reflection
 j - an amulet of magic regeneration (around neck)
 q - an amulet of the acrobat
 z - a ring of protection from cold (left hand)
Wands
 p - a wand of iceblast (13)
Scrolls
 e - a scroll of fear
 f - 2 scrolls of poison
 k - a scroll of amnesia {unknown}
 m - 2 scrolls of enchant armour
 n - a scroll of immolation
 o - a scroll of brand weapon
 s - 2 scrolls of silence
Potions
 b - 2 potions of magic
 i - a potion of cancellation {unknown}
 l - 2 potions of flight
 r - a potion of brilliance {unknown}
 A - a potion of attraction {unknown}
 B - a potion of degeneration {unknown}
 C - a potion of heal wounds {unknown}


   Skills:
 + Level 10.4 Armour
 - Level 1.5 Dodging
 - Level 2.1 Stealth
 - Level 2.0 Spellcasting
 - Level 10.1 Ice Magic


You couldn't memorise any spells.
You knew the following spells:

 Your Spells              Type           Power      Damage    Failure   Level
a - Freeze                Ice            100%       1d10      1%          1
b - Frozen Ramparts       Ice            84%        1d13      1%          3
c - Ozocubu's Armour      Ice            42%        N/A       1%          3
d - Wereblood             Tmut           2%         N/A       24%         2
e - Hailstorm             Conj/Ice       22%        3d7       6%          3

Your spell library contained the following spells:

 Spells                   Type           Power      Damage    Failure   Level
 Summon Ice Beast         Ice/Summ       22%        N/A       21%         4
 Blink                    Tloc           4%         N/A       24%         2
 Lesser Beckoning         Tloc           4%         N/A       24%         2
 Momentum Strike          Conj/Tloc      4%         3d8       24%         2
 Ozocubu's Refrigeration  Ice            21%        4d12      91%         7
 Summon Hydra             Summ           1%         N/A       100%        7
 Sublimation of Blood     Necr           Unusable   N/A       N/A         2

Dungeon Overview and Level Annotations

Branches:
Dungeon (7/15)             Temple (1/1) D:7

Altars:
Ashenzari
Dithmenos
Elyvilon
Gozag
Hepliaklqana
Kikubaaqudgha
Makhleb
Nemelex Xobeh
Okawaru
Qazlal
Ru
Sif Muna
Trog
Uskayaw
Vehumet
Wu Jian
Xom
The Shining One


Innate Abilities, Weirdness & Mutations

You are immune to sickness and miasma.
Your stone body is resilient. (AC +6)
You are immune to poison.
You resist negative energy. (rN+)
You are resistant to electric shocks. (rElec)
You are resistant to unholy torment.
You are immune to petrification.


Message History

[Y]es or [N]o only, please.
Your icy armour will break if you move.
Continue?
Your icy armour cracks and falls away as you move.
The wight hits you with a +2 great sword of freezing.
The wight barely misses you.
Casting: Freeze (safe; 1% risk of failure)
Confirm with . or Enter, or press ? or * to list all spells.
A film of ice covers your body! The wight barely misses you.
The wight hits you with a +2 great sword of freezing!
* * * LOW HITPOINT WARNING * * *
The wight freezes you.
* * * LOW HITPOINT WARNING * * *
You feel better. The wight hits you but does no damage.
The wight hits you with a +0 trident.
Your icy armour will break if you move.
Continue? [Y]es or [N]o only, please.
Your icy armour will break if you move.
Continue? [Y]es or [N]o only, please.
Your icy armour will break if you move.
Continue?
Okay, then.
Casting: Ozocubu's Armour (safe; 1% risk of failure)
Confirm with . or Enter, or press ? or * to list all spells.
You don't have enough magic to cast this spell.
Casting: Ozocubu's Armour (safe; 1% risk of failure)
Confirm with . or Enter, or press ? or * to list all spells.
Your blood is infused with primal strength.
The wight hits you with a +2 great sword of freezing!
* * * LOW HITPOINT WARNING * * *
The wight freezes you.
* * * LOW HITPOINT WARNING * * *
The wight barely misses you.
It was a potion of might.
You feel very mighty all of a sudden.
The wight hits you but does no damage. x2
You hit the wight!
You feel a bit better.
You destroy the wight!
The wight hits you but does no damage. The wight hits you with a +0 trident.
* * * LOW HITPOINT WARNING * * *
You closely miss the wight. The wight hits you with a +0 trident.
You die...

##§≈...≈≈#.........#...#
##§≈≈§§≈##...##....##.##
..##≈§≈##..........##'#######
.########..........#...##...##
.###..# ###......#...♣....♣.>#
###...###........#.#..)##...##
..#.....#...#......##.#######
......<.#..####).####.##
.##..#......###.@.##...#
##...####.......z..#.♣.#
.....###...##......#...#
...###......#......##<##
.#####..##..#.......###
.####..## #..........###
.......# ..#..........#
.......# .............#
......## ...........###


You could see a wight.

Vanquished Creatures
  Sigmund (D:4)
  A wyvern (D:7)
  Eustachio (D:5)
  Menkaure (D:7)
  2 water moccasins (D:6)
  2 orc warriors
  A sky beast (D:7)
  2 ice beasts
  2 centaurs
  2 kobold brigands
  A gnoll sergeant (D:7)
  3 bullfrogs
  3 scorpions
  7 wights
  A howler monkey (D:7)
  2 jellies
  A hound (D:5)
  2 orc priests
  3 iguanas
  3 orc wizards
  Crazy Yiuf (D:3)
  3 adders
  8 gnolls
  A white imp (D:5)
  2 worms (D:2)
  3 dart slugs
  18 orcs
  5 bats (D:1)
  7 endoplasms
  3 giant cockroaches
  5 goblins (D:2)
  6 hobgoblins
  10 jackals
  19 kobolds
  3 quokkas
  7 ball pythons
  4 frilled lizards (D:3)
  2 rats (D:1)
148 creatures vanquished.

Notes
Turn   | Place    | Note
-------+----------+-------------------------------------------
     0 | D:1      | Mune the Gargoyle Ice Elementalist began the quest for the
                  | Orb.
     0 | D:1      | Reached XP level 1. HP: 10/10 MP: 3/3
   210 | D:1      | Reached XP level 2. HP: 15/15 MP: 1/5
   708 | D:2      | Reached XP level 3. HP: 19/19 MP: 3/6
   712 | D:2      | Learned a level 3 spell: Frozen Ramparts
   763 | D:2      | Reached skill level 5 in Ice Magic
   968 | D:2      | Found a burning altar of Makhleb.
  1597 | D:3      | Reached XP level 4. HP: 23/24 MP: 5/7
  1700 | D:3      | Found a runed translucent door.
  1701 | D:3      | Noticed Crazy Yiuf
  1708 | D:3      | Learned a level 3 spell: Ozocubu's Armour
  1712 | D:3      | Killed Crazy Yiuf
  1963 | D:3      | Noticed a centaur
  1972 | D:3      | Killed a centaur
  1973 | D:3      | Reached XP level 5. HP: 14/28 MP: 1/8
  2038 | D:3      | Found a faded altar of an unknown god.
  2594 | D:4      | Reached XP level 6. HP: 32/32 MP: 5/9
  2623 | D:4      | Noticed an ice beast
  3004 | D:4      | Noticed Sigmund
  3012 | D:4      | Killed Sigmund
  3013 | D:4      | Reached XP level 7. HP: 36/36 MP: 7/10
  3504 | D:5      | Entered Level 5 of the Dungeon
  3595 | D:5      | Found a radiant altar of Vehumet.
  4000 | D:5      | Noticed a yak
  4000 | D:5      | Noticed a two-headed ogre
  4119 | D:5      | Noticed Eustachio
  4127 | D:5      | Killed Eustachio
  4128 | D:5      | Reached skill level 10 in Ice Magic
  4128 | D:5      | Reached XP level 8. HP: 41/41 MP: 1/11
  4230 | D:5      | Reached skill level 1 in Armour
  4446 | D:6      | Learned a level 2 spell: Wereblood
  4502 | D:6      | Reached skill level 5 in Armour
  4656 | D:6      | Reached XP level 9. HP: 15/45 MP: 8/12
  5342 | D:6      | Identified the +6 short sword of Seza Opt {freeze, rElec
                  | rCorr Int-4}
  5355 | D:6      | Found a hazy altar of Hepliaklqana.
  5805 | D:7      | Noticed Menkaure
  5808 | D:7      | Found a shadowy altar of Dithmenos.
  5813 | D:7      | Killed Menkaure
  5884 | D:7      | Found a staircase to the Ecumenical Temple.
  6055 | Temple   | Entered the Ecumenical Temple
  6392 | D:7      | Found a shadowy altar of Dithmenos.
  6398 | D:7      | Reached skill level 10 in Armour
  6428 | D:7      | Learned a level 3 spell: Hailstorm
  6658 | D:7      | Slain by a wight

Illustrated notes

Levels and vault maps discovered:
D:1:      sevenhm_arrival_forest_fort_large_4, layout_rooms, amethyst_killhole
D:2:      layout_basic, basic_altar, grunt_ministairs_4
D:3:      layout_loops_cross, shapermc_ecumenical_altar_hornbeckon,
          uniq_crazy_yiuf_cottage
D:4:      layout_basic, hangedman_abyss_or_decor_stagger, uniq_sigmund
D:5:      layout_rooms, marbit_many_paths, lightli_corner_chamber,
          uniq_eustachio
D:6:      layout_rooms, mainiacjoe_overflow_alcove_4, nrook_mini_vaults
D:7:      layout_cave_pools, nicolae_dithmenos_shadow_blocks, temple_statues,
          chequers_serial_rivers_small_3, grunt_ministairs_5,
          kennysheep_small_circle, uniq_menkaure
Temple:   eino_narrow_crystal_temple

Skill      XL: |  1  2  3  4  5  6  7  8  9 |
---------------+----------------------------+-----
Ice Magic      | 5 6 7 8 10 | 10.1
Armour         | 6 10 | 10.4
Dodging        | |  1.5
Stealth        | |  2.1
Spellcasting   | |  2.0

Action                     |  1- 3 |  4- 6 |  7- 9 || total
---------------------------+-------+-------+-------++-------
  Melee: Unarmed           |    22 |     3 |       ||    25
         Staff             |       |       |    50 ||    50
   Cast: Freeze            |    69 |    39 |   148 ||   256
         Frozen Ramparts   |       |     6 |    31 ||    37
         Ozocubu's Armour  |       |     6 |    21 ||    27
         Wereblood         |       |       |     2 ||     2
         Hailstorm         |       |       |     2 ||     2
    Use: Scroll            |       |       |    11 ||    11
         Potion            |       |       |     8 ||     8
 Armour: Robe              |    40 |    25 |   101 ||   166
         Skin              |       |       |     9 ||     9
  Dodge: Dodged            |    29 |    28 |   151 ||   208
  Block: Other             |     1 |       |       ||     1
